 Dungeon Crawl Stone Soup version 0.20-a0-1116-gaa52201 (console) character file.

2279 nht the Scholar of Death (level 9, -2/61 HPs)
             Began as a Vampire Wanderer on May 7, 2017.
             Was a Follower of Kikubaaqudgha.
             Slain by a killer bee (5 damage)
             ... on level 7 of the Dungeon.
             The game lasted 00:20:30 (6198 turns).

nht the Scholar of Death (Vampire Wanderer)         Turns: 6198, Time: 00:20:31

Health: -2/61      AC:  8    Str: 12    XL:     9   Next: 16%
Magic:  3/17       EV: 13    Int: 19    God:    Kikubaaqudgha [*.....]
Gold:   270        SH:  0    Dex: 14    Spells: 10/18 levels left

rFire    + . .     SeeInvis +   c - +1 short sword
rCold    . . .     Gourm    .   (no shield)
rNeg     . . .     Faith    .   x - +3 leather armour {rF+}
rPois    .         Spirit   .   (no helmet)
rElec    .         Reflect  .   u - +2 cloak
rCorr    .         Harm     .   (no gloves)
MR       .....                  y - +0 pair of boots
Stlth    +.........             w - amulet of rage
Regen    0.4/turn               f - +3 ring of dexterity
MPRegen  0.2/turn               t - ring of Azeon {EV+3 Dex+2}

@: regenerating quickly, slowed, very slow
A: claws 1, fangs 3, see invisible, clumsy 1, deformed body, unbreathing,
MP-powered wands
a: Receive Corpses, Renounce Religion, Evoke Berserk Rage


You were on level 7 of the Dungeon.
You worshipped Kikubaaqudgha.
Kikubaaqudgha was aware of your devotion.
You were full.

You visited 1 branch of the dungeon, and saw 7 of its levels.

You collected 492 gold pieces.
You spent 222 gold pieces at shops.

Inventory:

Hand Weapons
 c - a +1 short sword (weapon)
Missiles
 o - 13 stones (quivered)
Armour
 s - the -2 helmet of Generosity {rCorr}
   (You found it on level 4 of the Dungeon)

   It protects you from acid and corrosion.
 u - a +2 cloak (worn)
 x - a +3 leather armour of fire resistance (worn)
 y - a +0 pair of boots (worn)
Jewellery
 d - an uncursed ring of positive energy
 f - a +3 ring of dexterity (left claw)
 q - an uncursed ring of protection from fire
 t - the ring of Azeon (right claw) {EV+3 Dex+2}
   (You found it on level 4 of the Dungeon)

   [ring of evasion]

   It affects your evasion (+3).
   It affects your dexterity (+2).
 w - an amulet of rage (around neck)
Wands
 r - a wand of iceblast (6/15)
 B - a wand of flame (15/48)
Scrolls
 g - 2 scrolls of remove curse
 j - 2 scrolls of identify
 l - a scroll of amnesia
 p - 2 scrolls of enchant weapon
 v - a scroll of magic mapping
Potions
 h - 10 potions of blood
 k - 2 potions of flight
 n - a potion of cancellation
 z - a potion of might
Books
 a - a book of Frost

   Spells                             Type                      Level
   a - Freeze                         Ice                          1
   b - Throw Frost                    Conjuration/Ice              2
   c - Ozocubu's Armour               Charms/Ice                   3
   d - Throw Icicle                   Conjuration/Ice              4
   e - Summon Ice Beast               Ice/Summoning                4
 b - the Collected Works on Stones

   Spells                             Type                      Level
   a - Sandblast                      Earth                        1
   b - Stone Arrow                    Conjuration/Earth            3
 e - a book of Cantrips

   Spells                             Type                      Level
   a - Confusing Touch                Hexes                        1
   b - Animate Skeleton               Necromancy                   1
   c - Summon Small Mammal            Summoning                    1
   d - Apportation                    Translocation                1
 i - Kikubaaqudgha's Grimoire of Darkness
   (Kikubaaqudgha gifted it to you on level 7 of the Dungeon)

   Spells                             Type                      Level
   a - Pain                           Necromancy                   1
   b - Corpse Rot                     Necromancy                   2
   c - Sublimation of Blood           Necromancy                   2
   d - Regeneration                   Charms/Necromancy            3
   e - Control Undead                 Necromancy                   4


   Skills:
 - Level 1.7 Fighting
 - Level 1.3 Short Blades
 - Level 1.5 Throwing
 - Level 5.4 Spellcasting
 + Level 8.9 Necromancy
   Level 1.1 Transmutations
   Level 3.0 Ice Magic
 - Level 6.7 Earth Magic


You had 10 spell levels left.
You knew the following spells:

 Your Spells              Type           Power        Failure   Level  Hunger
a - Sandblast             Erth           ####..       1%          1    None
b - Animate Skeleton      Necr           N/A          1%          1    None
c - Pain                  Necr           ####         1%          1    None
d - Corpse Rot            Necr           N/A          1%          2    None
r - Regeneration          Chrm/Necr      ###.......   8%          3    ##.....


Dungeon Overview and Level Annotations

Branches:
Dungeon (7/15)
 Temple: D:4-7

Altars:
Fedhas
Gozag
Hepliaklqana
Kikubaaqudgha
Okawaru
Qazlal
Yredelemnul

Shops:
D:7 *


Innate Abilities, Weirdness & Mutations

Your natural rate of healing is unusually fast.
You have razor-sharp teeth.
You have supernaturally acute eyesight. (SInv)
You can survive without breathing.
You have sharp fingernails.
You are clumsy. (Dex -2)
Armour fits poorly on your strangely shaped body.
You expend magic power (3 MP) to strengthen your wands.


Message History

You are exhausted.
You feel yourself slow down.
* * * LOW HITPOINT WARNING * * *
You feel sick. The killer bee barely misses you.
The killer bee stings you but does no damage.
You feel better. The killer bee misses you.
The killer bee stings you but does no damage.
The killer bee barely misses you.
Evoke which item? (* to show all) (? for menu, Esc to quit)
Okay, then.
Throwing (i - inventory):
o - 14 stones (quivered)
Press: ? - help, Shift-Dir - straight line, f - killer bee
Aim: a killer bee You throw a stone.
The stone hits the killer bee.
The killer bee is lightly wounded.
The killer bee stings you!
* * * LOW HITPOINT WARNING * * *
The killer bee barely misses you. The killer bee stings you.
You die...
Kikubaaqudgha rasps: "You have failed me!
Welcome... oblivion!"

█..██ █...) .. █..█ ███....
.. ...████.███...... █.█
█...>......██.██ ..
.....███..██....███..█.
..██.......█.██....█ █.█..
...█.█.█ █.........███...█
...?.█.██████..........███
......(.ay@........<..%.█ █
.y...█...███████........███
.....█.(...█████...........
........./..............███
.........█...............██
..........%.....█████.....█
.(....████.)....█ █......
...... █████..███ █.█....
██.█.. ██...███...█..


You could see a worker ant and a killer bee.

Vanquished Creatures
  A water moccasin (D:7)
  Duvessa (D:6)
  A sky beast (D:5)
  An orc warrior (D:7)
  A phantom (D:6)
  3 ogres
  A centaur (D:5)
  2 bullfrogs
  Dowan (D:6)
  4 scorpions
  3 killer bees (D:7)
  A howler monkey (D:4)
  2 crimson imps
  4 orc priests
  5 hounds
  5 orc wizards
  A bullfrog skeleton (D:5)
  2 worker ants
  2 hound skeletons
  A howler monkey skeleton (D:4)
  A worker ant zombie (D:5)
  3 gnolls
  10 adders
  2 oozes (D:2)
  An adder skeleton (D:5)
  4 worms
  4 dart slugs
  6 leopard geckos
  12 orcs
  8 bats
  4 giant cockroaches
  3 goblins
  9 hobgoblins
  10 jackals
  10 kobolds
  3 quokkas
  2 ball pythons
  5 frilled lizards
  9 rats
148 creatures vanquished.

Vanquished Creatures (collateral kills)
  An ogre (D:6)
  A hound (D:7)
  An orc priest (D:6)
  A leopard gecko (D:6)
  3 orcs (D:6)
7 creatures vanquished.

Grand Total: 155 creatures vanquished

Notes
Turn   | Place    | Note
-------+----------+-------------------------------------------
     0 | D:1      | nht the Vampire Wanderer began the quest for the Orb.
     0 | D:1      | nht set off with: a book of Frost, the Collected Works on Stones, a +0 short sword, a +0 robe, a potion of blood
     0 | D:1      | Reached XP level 1. HP: 16/16 MP: 2/2
    54 | D:1      | Identified the Collected Works on Stones
   223 | D:1      | Learned a level 1 spell: Sandblast
   239 | D:1      | Reached skill level 1 in Earth Magic
   604 | D:1      | Reached XP level 2. HP: 3/22 MP: 0/3
  1201 | D:1      | Reached XP level 3. HP: 27/27 MP: 1/4
  2342 | D:3      | Found a blossoming altar of Fedhas.
  2426 | D:3      | Reached XP level 4. HP: 33/33 MP: 0/6
  2446 | D:3      | Found an opulent altar of Gozag.
  2758 | D:3      | Found a hazy altar of Hepliaklqana.
  2764 | D:3      | Reached XP level 5. HP: 38/38 MP: 4/8
  3397 | D:4      | Reached XP level 6. HP: 44/44 MP: 4/10
  3452 | D:4      | Reached skill level 5 in Earth Magic
  3530 | D:4      | Got a warped helmet
  3536 | D:4      | Identified the cursed -2 helmet of Generosity {rCorr} (You found it on level 4 of the Dungeon)
  3663 | D:4      | Got a fine wooden ring
  3673 | D:4      | Identified the ring of Azeon {EV+3 Dex+2} (You found it on level 4 of the Dungeon)
  3831 | D:4      | Reached XP level 7. HP: 49/49 MP: 10/13
  4132 | D:5      | Entered Level 5 of the Dungeon
  4156 | D:5      | Found a stormy altar of Qazlal.
  4204 | D:5      | Found a basalt altar of Yredelemnul.
  4277 | D:5      | Gained mutation: Armour fits poorly on your strangely shaped body. [potion of mutation]
  4277 | D:5      | Gained mutation: You are clumsy. (Dex -2) [potion of mutation]
  4277 | D:5      | Gained mutation: You expend magic power (3 MP) to strengthen your wands. [potion of mutation]
  4277 | D:5      | Gained mutation: You have sharp fingernails. [potion of mutation]
  4560 | D:5      | Found an ancient bone altar of Kikubaaqudgha.
  4564 | D:5      | HP: 2/49 [centaur/arrow (9)]
  4576 | D:5      | Reached skill level 5 in Spellcasting
  4615 | D:5      | Became a worshipper of Kikubaaqudgha
  4768 | D:4      | Reached skill level 1 in Necromancy
  4768 | D:4      | Reached XP level 8. HP: 34/55 MP: 16/16
  4877 | D:6      | Reached skill level 2 in Necromancy
  5124 | D:5      | Reached skill level 3 in Necromancy
  5128 | D:5      | Learned a level 1 spell: Animate Skeleton
  5159 | D:5      | Reached skill level 4 in Necromancy
  5423 | D:6      | Found an iron altar of Okawaru.
  5539 | D:6      | Reached skill level 5 in Necromancy
  5556 | D:6      | Found a stormy altar of Qazlal.
  5701 | D:6      | Noticed Duvessa
  5701 | D:6      | Noticed Dowan
  5717 | D:6      | Killed Duvessa
  5721 | D:6      | Killed Dowan
  5721 | D:6      | Reached skill level 6 in Necromancy
  5849 | D:6      | You fall through a shaft!
  5861 | D:7      | Reached skill level 7 in Necromancy
  5879 | D:7      | Reached * piety under Kikubaaqudgha
  5879 | D:7      | Identified Kikubaaqudgha's Grimoire of Darkness (Kikubaaqudgha gifted it to you on level 7 of the Dungeon)
  5879 | D:7      | Received a gift from Kikubaaqudgha
  5887 | D:7      | Learned a level 1 spell: Pain
  5890 | D:7      | Learned a level 2 spell: Corpse Rot
  5894 | D:7      | Learned a level 3 spell: Regeneration
  5998 | D:7      | Found Ytiumm's General Store.
  6006 | D:7      | Bought a scroll of identify for 24 gold pieces
  6006 | D:7      | Bought a +2 cloak for 198 gold pieces
  6112 | D:7      | Reached skill level 8 in Necromancy
  6112 | D:7      | Reached XP level 9. HP: 61/61 MP: 4/17
  6198 | D:7      | HP: 3/61 [killer bee (7)]
  6198 | D:7      | Slain by a killer bee

Vault maps used:
D:1:      minmay_arrival_four_circles, serial_forest,
          infiniplex_forest_lined_corner, infiniplex_forest_lined_4_way,
          infiniplex_forest_pool, infiniplex_forest_straight_3,
          infiniplex_forest_lined_2, infiniplex_forest_clump_curved,
          infiniplex_forest_clump_cross, infiniplex_forest_clump_C,
          infiniplex_forest_lined_corner
D:2:      serial_forest, infiniplex_forest_end_1, infiniplex_forest_end_double,
          infiniplex_forest_lined_2, infiniplex_forest_straight_3,
          infiniplex_forest_corner_1
D:3:      old_standard_altar, lemuel_round_altar, lemuel_crystal_altar,
          minmay_quantized
D:5:      lemuel_crystal_altar, nicolae_overflow_hidden_temple,
          yredelemnul_altar_generic, first_bread
D:6:      basic_altar, grunt_qazlal_clouds, uniq_duvessa
D:7:      minmay_temple_entry_purple_smoke, serial_shops, shop

Skill      XL: |  1  2  3  4  5  6  7  8 |
---------------+-------------------------+-----
Earth Magic    | 1 2 3 4 5 6 |  6.7
Spellcasting   | 2 3 4 5 |  5.4
Necromancy     | 1 8 |  8.9
Fighting       | |  1.7
Short Blades   | |  1.3
Throwing       | |  1.5
Transmutations | |  1.1
Ice Magic      | |  3.0

Action                   |  1- 3 |  4- 6 |  7- 9 || total
-------------------------+-------+-------+-------++-------
Melee: Short sword       |    52 |    15 |   331 ||   398
       Bite              |     6 |       |    30 ||    36
Throw: Stone             |       |       |     2 ||     2
 Cast: Sandblast         |    64 |    99 |    66 ||   229
       Animate Skeleton  |       |       |     5 ||     5
 Abil: Evoke Berserk Rag |       |       |     2 ||     2
Evoke: Wand              |       |       |    13 ||    13
  Use: Potion            |    16 |     5 |    15 ||    36
       Scroll            |     8 |     4 |    10 ||    22
  Eat: Corpse            |       |     2 |     9 ||    11
Armor: Robe              |    12 |     6 |       ||    18
       Leather armour    |       |       |    71 ||    71
Dodge: Dodged            |    43 |    36 |   318 ||   397
